 Dungeon Crawl Stone Soup version 0.28-a0-631-g0446da8ef9 (webtiles) character file.

Game seed: 5720927876235811598

1416 timneilson the Covered (level 8, -5/72 HPs)
             Began as a Deep Dwarf Fighter on Oct 10, 2021.
             Was a Follower of Qazlal.
             Slain by an ogre (20 damage)
             ... on level 4 of the Dungeon.
             The game lasted 00:08:34 (3239 turns).

timneilson the Covered (Deep Dwarf Fighter)         Turns: 3239, Time: 00:08:35

Health: -5/72      AC: 11    Str: 22    XL:     8   Next: 43%
Magic:  3/3        EV:  9    Int:  9    God:    Qazlal [*.....]
Gold:   110        SH:  8    Dex: 12    Spells: 7/7 levels left

rFire   . . .      SeeInvis .   a - +0 long sword
rCold   . . .      Faith    .   c - +1 buckler
rNeg    . . .      Spirit   .   e - +0 chain mail
rPois   .          Reflect  .   (no helmet)
rElec   .          Harm     .   (no cloak)
rCorr   .          Rampage  .   g - +0 pair of gloves
Will    +....                   (no boots)
Stlth   ..........              (no amulet)
HPRegen 0.00/turn               (no ring)
MPRegen 0.08/turn               (no ring)

@: no status effects
A: damage resistance, heal wounds, sense surroundings 1, no regeneration
a: Heal Wounds, Renounce Religion


You were on level 4 of the Dungeon.
You worshipped Qazlal.
Qazlal was aware of your devotion.
You visited 1 branch of the dungeon, and saw 4 of its levels.
You also visited: Ossuary.

You collected 110 gold pieces.

Inventory:

Hand Weapons
 a - a +0 long sword (weapon)
Missiles
 l - a throwing net
Armour
 c - a +1 buckler (worn)
 e - a +0 chain mail (worn)
 g - a +0 pair of gloves (worn)
Scrolls
 k - a scroll of magic mapping
 m - a scroll of teleportation
 n - 2 scrolls of enchant armour
Potions
 b - a potion of haste
 f - a potion of berserk rage {unknown}
 h - a potion of heal wounds
 i - 2 potions of curing {unknown}
 j - a potion of magic {unknown}
 p - a potion of attraction {unknown}
 q - a potion of mutation {unknown}
 r - a potion of flight {unknown}


   Skills:
 + Level 4.2 Fighting
 * Level 5.5 Long Blades
 * Level 6.6 Armour
 + Level 3.7 Dodging
 * Level 6.5 Shields


You had 7 spell levels left.
You didn't know any spells.
Your spell library contained the following spells:

 Spells                   Type           Power      Damage    Failure   Level
 Stone Arrow              Conj/Erth      0%         3d7       100%        3
 Animate Armour           Summ/Erth      0%         N/A       100%        4
 Lehudib's Crystal Spear  Conj/Erth      0%         10d2      100%        8


Dungeon Overview and Level Annotations

Branches:
Dungeon (4/15)            Ossuary (visited)
 Temple: D:4-7

Altars:
Nemelex Xobeh
Qazlal


Innate Abilities, Weirdness & Mutations

You are resistant to damage.
You can heal yourself by infusing magical energy.
You passively map a small area around you.
You do not regenerate.


Message History

* * * LOW HITPOINT WARNING * * *
You hit the yak.
The yak is moderately wounded.
The yak gores you but does no damage.
You slash the yak!
The yak is severely wounded.
The yak closely misses you.
You feel much better.
You completely miss the yak.
The yak is severely wounded.
The yak gores you but does no damage.
You slash the yak!
You kill the yak!
Qazlal accepts your kill.
You see here a yak corpse.
There is a stone staircase leading down, spattered with blood here.
There is a stone staircase leading down, spattered with blood here.
You climb downwards.
There is a stone staircase leading up here.
Your extra speed is starting to run out.
There is an open door here.
You feel yourself slow down.
You now have 110 gold pieces (gained 15).
You open the door.
There is an open door here.
You feel a little less mighty now.
An ogre comes into view. It is wielding a +0 giant club.
The ogre shouts!
The ogre barely misses you.
You hit the ogre.
The ogre is moderately wounded.
The ogre hits you with a +0 giant club!!
* * * LOW HITPOINT WARNING * * *
You hit the ogre.
The ogre is moderately wounded.
You block the ogre's attack.
You slash the ogre!
The ogre is heavily wounded.
The ogre hits you with a +0 giant club!!
You die...

, #.# ####.# ##$# ###.#
##..# ##<#.# ,
####...###########>...#
, ,
+......................
####...###########....#
* ###...## ##.... , *
#......## ##.... ,
#....@..# #.....
#...°O..# #.....
#.......# #..... ,* *
*#......## #.#### ,
###...## ####.## ,,
#.### #.....# , #.
#.##..# , .. #.##..# ,
#.##..###


You could see an ogre.

Vanquished Creatures
  Grinder (D:3)
  2 yaks (D:3)
  A phantom (D:3)
  8 scorpions (Ossuary)
  2 human zombies (Ossuary)
  4 scorpion zombies (Ossuary)
  2 iguanas
  An orc wizard (D:3)
  3 mummies (Ossuary)
  3 gnolls (D:4)
  3 adders
  An adder skeleton (D:4)
  A dart slug (D:1)
  9 orcs
  8 bats
  6 endoplasms
  2 giant cockroaches (D:1)
  A gnoll zombie (Ossuary)
  2 hobgoblins
  3 jackals (D:3)
  A kobold (D:3)
  A ball python (D:2)
  6 frilled lizards
  6 goblins
  3 goblin zombies (Ossuary)
  3 hobgoblin zombies (Ossuary)
  3 kobold zombies (Ossuary)
  2 orc zombies (Ossuary)
  7 rats
95 creatures vanquished.

Notes
Turn   | Place    | Note
-------+----------+-------------------------------------------
     0 | D:1      | timneilson the Deep Dwarf Fighter began the quest for the
                  | Orb.
     0 | D:1      | Reached XP level 1. HP: 20/20 MP: 1/1
   183 | D:1      | Reached XP level 2. HP: 24/27 MP: 2/2
   277 | D:1      | You fall into a shaft and drop 1 floor!
  1238 | D:2      | Reached XP level 3. HP: 32/33 MP: 3/3
  1279 | D:2      | Found a faded altar of an unknown god.
  1281 | D:2      | Noticed a floating eye
  1284 | D:2      | Noticed a great orb of eyes
  1284 | D:2      | Noticed a great orb of eyes
  1284 | D:2      | Noticed a floating eye
  1307 | D:2      | Reached skill level 1 in Dodging
  1620 | D:3      | Noticed a phantom
  1650 | D:3      | Killed a phantom
  1651 | D:3      | Reached XP level 4. HP: 23/42 MP: 4/4
  1729 | D:3      | Reached XP level 5. HP: 15/49 MP: 5/5
  2247 | D:3      | Found a sparkling altar of Nemelex Xobeh.
  2248 | D:3      | Found a stormy altar of Qazlal.
  2252 | D:3      | Became a worshipper of Qazlal Stormbringer
  2517 | D:4      | Found a sand-covered staircase.
  2522 | Ossuary  | Entered an ossuary
  2570 | Ossuary  | Reached XP level 6. HP: 34/56 MP: 5/5
  2684 | Ossuary  | Reached skill level 5 in Armour
  2706 | Ossuary  | Reached skill level 5 in Shields
  2710 | Ossuary  | Reached XP level 7. HP: 57/62 MP: 5/5
  2747 | Ossuary  | Reached * piety under Qazlal
  3025 | D:4      | Noticed a yak
  3025 | D:4      | Noticed a yak
  3025 | D:4      | Noticed a yak
  3068 | D:4      | Noticed Grinder
  3103 | D:3      | Killed a yak
  3104 | D:3      | Reached skill level 5 in Long Blades
  3104 | D:3      | Reached XP level 8. HP: 15/72 MP: 4/4
  3121 | D:3      | Killed Grinder
  3239 | D:4      | Slain by an ogre

Illustrated notes

Levels and vault maps discovered:
D:1:      dpeg_arrival_shrine, layout_basic
D:2:      layout_basic, hellmonk_ecumenical_altar_watching_god, st_stairs_13
D:3:      layout_loops_ring, minitemple
D:4:      minmay_wonky_spiral, layout_loops_corners, enter_ossuary_5, uniq_ijyb,
          uniq_grinder

Skill      XL: |  1  2  3  4  5  6  7 |
---------------+----------------------+-----
Dodging        | 1 2 3 |  3.7
Fighting       | 3 4 |  4.2
Long Blades    | 3 4 5 |  5.5
Armour         | 4 5 6 |  6.6
Shields        | 4 5 6 |  6.5

Action                   |  1- 3 |  4- 6 |  7- 9 || total
-------------------------+-------+-------+-------++-------
Melee: Long sword        |   143 |   173 |   131 ||   447
 Abil: Heal Wounds       |     1 |     4 |     8 ||    13
  Use: Scroll            |     5 |     2 |     4 ||    11
       Potion            |       |       |     2 ||     2
Armor: Scale mail        |    46 |       |       ||    46
       Chain mail        |    31 |   111 |    53 ||   195
Dodge: Dodged            |    63 |    68 |    67 ||   198
Block: Buckler           |    29 |    52 |    61 ||   142

Table legend: (Time is in decaauts)
 A = Elapsed time spent in this place.
 B = Non-inter-level travel time spent in this place.
 C = Inter-level travel time spent in this place.
 D = Time resting spent in this place.
 E = Time spent auto-exploring this place.
 F = Levels seen in this place.
 G = Mean time per level.
                   A        B        C        D        E       F      G
               +--------+--------+--------+--------+--------+-----+--------+
         Total |   3327 |   3202 |    125 |     22 |   1984 |   5 |  665.4 |
       Dungeon |   2911 |   2786 |    125 |     22 |   1911 |   4 |  727.8 |
       Ossuary |    415 |    415 |      0 |      0 |     73 |   1 |  415.0 |
               +--------+--------+--------+--------+--------+-----+--------+

Top non-repeatable levels by time:
     D:1: 1010 daAuts
     D:3: 883 daAuts
     D:2: 633 daAuts
 Ossuary: 415 daAuts
     D:4: 384 daAuts
